 Dungeon Crawl Stone Soup version 0.25-a0-869-g05d4e06a41 (webtiles) character file.

Game seed: 11447489330114187237, levelgen mode: deterministic

82 Maedhros the Insei (level 4, 0/31 HPs)
             Began as an Octopode Chaos Knight on May 1, 2020.
             Was a Plaything of Xom.
             Killed from afar by Natasha (7 damage)
             ... with a magic dart
             ... on level 2 of the Dungeon.
             The game lasted 00:01:09 (1669 turns).

Maedhros the Insei (Octopode Chaos Knight)          Turns: 1669, Time: 00:01:09

Health: 0/31       AC:  1    Str: 11    XL:     4   Next: 43%
Magic:  4/4        EV: 13    Int: 14    God:    Xom [.*....]
Gold:   78         SH:  0    Dex: 12    Spells: 3/3 levels left

rFire    . . .     SeeInvis .     - Unarmed
rCold    . . .     Gourm    .   (no shield)
rNeg     . . .     Faith    .   (helmet restricted)
rPois    .         Spirit   .   (no amulet)
rElec    .         Reflect  .   (no ring)
rCorr    .         Harm     .   (no ring)
MR       .....                  (no ring)
Stlth    ++........             (no ring)
HPRegen  0.10/turn              (no ring)
MPRegen  0.09/turn              (no ring)
                                (no ring)
                                (no ring)

@: slowed, very slow
A: almost no armour, stealthy swim, amphibious, 8 rings, constrict 8, camouflage
1, gelatinous body 1
a: Renounce Religion


You were on level 2 of the Dungeon.
You worshipped Xom.
You were a plaything of Xom.
You were very hungry.

You visited 1 branch of the dungeon, and saw 2 of its levels.

You collected 78 gold pieces.

Inventory:

Jewellery
 l - an uncursed ring of protection from cold {unknown}
Wands
 j - a wand of disintegration (14)
Scrolls
 d - a scroll of amnesia {unknown}
 g - 2 scrolls of identify {unknown}
 h - a scroll of immolation {unknown}
 k - 2 scrolls of fear {unknown}
 m - a scroll of remove curse {unknown}
Potions
 b - a potion of ambrosia {unknown}
 c - a potion of invisibility {unknown}
 e - a potion of degeneration {unknown}
 f - 4 potions of haste {unknown}
 i - a potion of mutation {unknown}
Comestibles
 a - 6 rations


   Skills:
 - Level 3.0 Fighting
 - Level 2.3 Dodging
 + Level 5.1 Unarmed Combat


You had 3 spell levels left.
You didn't know any spells.
Your spell library was empty.

Dungeon Overview and Level Annotations

Branches:
Dungeon (2/15)

Altars:
Makhleb

Annotations:
D:2 Natasha


Innate Abilities, Weirdness & Mutations

You cannot wear most types of armour.
You are very stealthy in the water. (Stealth+)
You are amphibious.
You can wear up to eight rings at the same time.
You can use your tentacles to constrict eight enemies at once.
Your skin changes colour to match your surroundings (Stealth+).
Your rubbery body absorbs attacks. (AC +1, EV +1)


Message History

Natasha claws you!
* * * LOW HITPOINT WARNING * * *
Natasha misses you.
You barely miss Natasha. You grab Natasha.
Natasha is lightly wounded.
You constrict Natasha, but do no damage.
Natasha misses you.
You tentacle-slap Natasha.
Natasha is moderately wounded.
You constrict Natasha, but do no damage.
Natasha mumbles some strange words.
You feel troubled. Natasha closely misses you.
Unknown command.
You tentacle-slap Natasha.
Natasha is severely wounded.
You constrict Natasha. Natasha barely misses you.
Natasha stares at you and mumbles some strange words.
The magic dart hits you!
You die...

..........#
#......##..........#
..........#
#.####.##.##.......#
..##.#.#.##
#.####.##.##..#.....
.###.....#
#÷#...........#.##.#
####.#.###
#.#....##.##....##.# .....#.##
#.#..#.##.##.......# #####...#
##......##.......<..# #...#
#....h..#############
#...#####...@...# # ###
#..)............########## #
..###...#####......÷.........#
#
...[.................##....>.#
#
.............................#
#
.....................##......#
#
#.##).........###..####......#
# ..##.....######
#..####.###### # ####.....#
#....†..# #


You could see Natasha.

Vanquished Creatures
  Natasha (D:2)
  An adder (D:2)
  A dart slug (D:1)
  6 bats
  A giant cockroach (D:2)
  5 goblins
  5 hobgoblins
  10 jackals
  3 frilled lizards
  8 kobolds
  7 rats
48 creatures vanquished.

Notes
Turn   | Place    | Note
-------+----------+-------------------------------------------
     0 | D:1      | Maedhros the Octopode Chaos Knight began the quest for the
                  | Orb.
     0 | D:1      | Reached XP level 1. HP: 16/16 MP: 1/1
   150 | D:1      | Reached XP level 2. HP: 13/21 MP: 2/2
   382 | D:1      | Reached skill level 4 in Unarmed Combat
   410 | D:1      | Reached XP level 3. HP: 9/26 MP: 3/3
  1162 | D:2      | XOM: silly message
  1293 | D:2      | XOM: butterfly on damage
  1417 | D:2      | Reached XP level 4. HP: 26/31 MP: 4/4
  1436 | D:2      | Noticed Natasha
  1441 | D:2      | Killed Natasha
  1441 | D:2      | Reached skill level 5 in Unarmed Combat
  1569 | D:2      | XOM: divination: magic mapping
  1579 | D:2      | Found a burning altar of Makhleb.
  1658 | D:2      | Noticed Natasha
  1669 | D:2      | Killed from afar by Natasha

Levels and vault maps discovered:
D:1:      scummos_arrival_gate, layout_basic, bh_walls_and_bars
D:2:      layout_loops_cross, lightli_temple_of_fire, uniq_natasha

Skill      XL: |  1  2  3  4 |
---------------+-------------+-----
Unarmed Combat | 4 5 |  5.1
Fighting       | |  3.0
Dodging        | |  2.3

Action                   |  1- 3 |  4- 6 || total
-------------------------+-------+-------++-------
Melee: Unarmed           |    83 |    18 ||   101
       Constrict         |    24 |     3 ||    27
       Tentacles         |    14 |     1 ||    15
       Punch             |     5 |     1 ||     6
 Stab: Sleeping          |     7 |     1 ||     8
  Eat: Chunk             |     1 |       ||     1
Armor: Skin              |     6 |     1 ||     7
Dodge: Dodged            |    54 |    10 ||    64

Table legend:
 A = Non-vault XP
 B = Vault XP
 C = Vault XP percentage of total XP
 D = Non-vault monster count
 E = Vault monster count
 F = Vault count percentage of total count
                 A         B        C        D         E       F
            +---------+---------+-------+---------+---------+-------
      Total |      86 |      32 |  27.1 |      47 |       1 |   2.1
            +---------+---------+-------+---------+---------+-------
        D:1 |      38 |       0 |   0.0 |      24 |       0 |   0.0
        D:2 |      48 |      32 |  40.0 |      23 |       1 |   4.2
            +---------+---------+-------+---------+---------+-------
